 Dungeon Crawl Stone Soup version 0.16-a0-223-g37887f7 (webtiles) character file.

57 MDvedh the Ruinous (level 3, 0/23 HPs)
             Began as a Draconian Conjurer on Aug 20, 2014.
             Slain by an orc wizard
             ... wielding a +0 dagger
              (1 damage)
             ... on Level 2 of the Dungeon.
             The game lasted 00:03:14 (1802 turns).

MDvedh the Ruinous (Draconian Conjurer)             Turns: 1802, Time: 00:03:14

HP   0/23        AC  5     Str  8      XL: 3   Next: 73%
MP   0/6         EV 12     Int 16      God:
Gold 38          SH  0     Dex 11      Spells:  2 memorised,  4 levels left

rFire  + . .     SeeInvis .     (no weapon)
rCold  + . .     Clarity  .     (armour unavailable)
rNeg   . . .     rCorr    +     (no shield)
rPois  +         rRot     .     (helmet restricted)
rElec  +         Spirit   .     (no cloak)
SustAb .         Warding  .     (no gloves)
rMut   .         Stasis   .     (no boots)
Gourm  .                        (no amulet)
MR     .....                    (no ring)
                                (no ring)

@: resistant, not resistant to hostile enchantments, very unstealthy
A: unfitting armour, hooves 1, frail 1, weak 1, cold-blooded, AC +5
a: no special abilities


You were on level 2 of the Dungeon.
You were not hungry.

You visited 1 branch of the dungeon, and saw 3 of its levels.

You collected 38 gold pieces.

Inventory:

Magical devices
 h - a wand of random effects (20) {unknown}
Comestibles
 b - 2 bread rations
 d - 2 slices of pizza
Scrolls
 e - a scroll of fog {unknown}
 f - a scroll of remove curse {unknown}
 i - 2 scrolls of identify {unknown}
 j - a scroll of recharging {unknown}
Books
 c - a book of Conjurations

   Spells                             Type                      Level
   *Magic Dart                        Conjuration                  1
   *Searing Ray                       Conjuration                  2
   Dazzling Spray                     Conjuration/Hexes            3
   Fulminant Prism                    Conjuration/Hexes            4
   Iskenderun's Mystic Blast          Conjuration                  4
   Iskenderun's Battlesphere          Conjuration/Charms           5


   Skills:
 - Level 1.7 Dodging
 - Level 1.7 Stealth
 + Level 2.9 Spellcasting
 + Level 4.9 Conjurations


You had 4 spell levels left.
You knew the following spells:

 Your Spells              Type           Power        Failure   Level  Hunger
a - Magic Dart            Conj           ###.         2%          1    #......
b - Searing Ray           Conj           ###...       4%          2    ##.....


Dungeon Overview and Level Annotations

Branches:
Dungeon (3/15)

Altars:


Innate Abilities, Weirdness & Mutations

Your plain brown scales are hard (AC +5).
Your body does not fit into most forms of armour.
Your cold-blooded metabolism reacts poorly to cold.
You have large cloven feet.
You are frail (-10% HP).
You are weak. (Str -2)


Message History

It was a potion of mutation.
Something hits you but does no damage.
Drink which item? (? for menu, Esc to quit)
You feel protected.
It was a potion of resistance.
Something hits you.
* * * LOW HITPOINT WARNING * * *
Drink which item? (? for menu, Esc to quit)
You feel better.
It was a potion of curing.
You hear some strange, mumbled words.
The magic dart hits you!
* * * LOW HITPOINT WARNING * * *
Casting: Magic Dart
Confirm with . or Enter, or press ? or * to list all spells.
You can't see any susceptible monsters within range! (Use Z to cast anyway.)
Casting: Magic Dart
Confirm with . or Enter, or press ? or * to list all spells.
Aiming: Searing Ray
Press: ? - help, Shift-Dir - straight line The searing ray hits something.
Something hits you but does no damage.
You barely miss something. Something hits you.
You die...

####################
...<...............#
###.##.###.#####...###
.........#.###....%..########
###.##.............>........#
# #.###....###.......#.#.##.#
###........# ###)..###.#.##.#
...####...### #@{.#
#.#.##.##### ##.# ##....#
##.## #.#.##....<. ##.#
####.# ##.## #.#.########
##.# #.####.#.###.#.##......
#.# #............#.##.#####
##.### #######.######.......#
.....# #.# ##.......# ##.#.#
#.#####........## ##.#.#
#......#.........


There were no monsters in sight!

Vanquished Creatures
  3 adders (D:2)
  A giant gecko (D:1)
  An orc (D:2)
  2 bats (D:1)
  2 giant cockroaches (D:1)
  4 goblins
  6 hobgoblins
  A giant newt (D:1)
  6 kobolds
  4 rats
30 creatures vanquished.

Notes
Turn   | Place    | Note
--------------------------------------------------------------
     0 | D:1      | MDvedh, the Draconian Conjurer, began the quest for the Orb.
     0 | D:1      | Reached XP level 1. HP: 14/14 MP: 3/3
   368 | D:1      | Reached XP level 2. HP: 20/20 MP: 0/4
   664 | D:1      | Learned a level 2 spell: Searing Ray
  1137 | D:2      | Reached XP level 3. HP: 26/26 MP: 1/6
  1798 | D:2      | Gained mutation: You are weak. (Str -2) [potion of mutation]
  1798 | D:2      | Gained mutation: You are frail (-10% HP). [potion of mutation]
  1798 | D:2      | Gained mutation: You have large cloven feet. [potion of mutation]
  1800 | D:2      | HP: 1/23 [something/magic dart (7)]
  1802 | D:2      | Slain by an orc wizard

Action                   || total
-------------------------++-------
Melee: Unarmed           ||    19
 Cast: Magic Dart        ||    68
       Searing Ray       ||     1
  Use: Potion            ||     3
  Eat: Chunk             ||     3
